 Dungeon Crawl Stone Soup version 0.27-a0-1278-g6cbc8dfb29 (webtiles) character file.

Game seed: 14964963831893528848

307 freelancePsychic the Shooter (level 6, 0/53 HPs)
             Began as a Ghoul Hunter on June 12, 2021.
             Slain by an ice beast (2 damage)
             ... on level 6 of the Dungeon.
             The game lasted 00:07:22 (4227 turns).

freelancePsychic the Shooter (Ghoul Hunter)         Turns: 4227, Time: 00:07:23

Health: 0/53       AC: 11    Str: 18    XL:     6   Next: 40%
Magic:  5/5        EV:  5    Int:  6    God:
Gold:   79         SH:  0    Dex:  9    Spells: 5/5 levels left

rFire    . . .     SeeInvis .   b - +0 spear
rCold    + . .     Faith    .   (no shield)
rNeg     + + +     Spirit   .   f - +1 plate armour
rPois    ∞         Reflect  .   (no helmet)
rElec    .         Harm     .   (no cloak)
rCorr    .         Rampage  .   (no gloves)
Will     .....                  (no boots)
Stlth    ..........             (no amulet)
HPRegen  0.00/turn              (no ring)
MPRegen  0.09/turn              (no ring)

@: mighty, lit by a corona, glowing
A: claws 1, cold resistance 1, negative energy resistance 3, inhibited
regeneration, torment resistance 2
a: no special abilities


You were on level 6 of the Dungeon.
You visited 1 branch of the dungeon, and saw 5 of its levels.
You also visited: Sewer.

You collected 79 gold pieces.

Inventory:

Hand Weapons
 a - a +1 shortbow
 b - a +0 spear (weapon)
 d - a +0 short sword
Missiles
 j - 80 arrows
 o - 28 poisoned darts
Armour
 c - a +0 leather armour
 f - a +1 plate armour (worn)
 i - a +0 ring mail
Jewellery
 m - an amulet of faith
Scrolls
 g - a scroll of fog
 k - 2 scrolls of enchant armour
 r - a scroll of immolation
Potions
 e - 3 potions of might
 h - a potion of haste {@q3}
 l - 2 potions of attraction {unknown}
 n - a potion of magic {unknown}
 p - 2 potions of heal wounds {unknown}
 q - 2 potions of curing {@q1}
 t - 2 potions of flight {unknown}


   Skills:
 + Level 4.4 Fighting
 * Level 5.9 Bows
 - Level 1.7 Dodging
 - Level 1.1 Stealth


You had 5 spell levels left.
You didn't know any spells.
Your spell library contained the following spells:

 Spells                   Type           Power      Damage    Failure   Level
 Animate Skeleton         Necr           0%         N/A       100%        1
 Apportation              Tloc           0%         N/A       100%        1
 Corona                   Hex            0%         N/A       100%        1
 Pain                     Necr           0%         1d4       100%        1
 Sandblast                Erth           0%         2d4       100%        1
 Summon Small Mammal      Summ           0%         N/A       100%        1
 Passwall                 Tmut/Erth      0%         N/A       100%        2
 Stone Arrow              Conj/Erth      0%         3d7       100%        3
 Vampiric Draining        Necr           0%         2d6       100%        3
 Animate Dead             Necr           0%         N/A       100%        4
 Petrify                  Tmut/Erth      0%         N/A       100%        4
 Agony                    Necr           0%         N/A       100%        5
 Lee's Rapid Deconstruct  Erth           0%         3d5*      100%        5


Dungeon Overview and Level Annotations

Branches:
Dungeon (6/15)              Sewer (visited)
 Temple: D:4-7

Altars:

Annotations:
D:5 Edmund


Innate Abilities, Weirdness & Mutations

You thrive by killing the living.
You are immune to poison.
You have sharp fingernails.
Your flesh is cold resistant. (rC+)
You are immune to negative energy. (rN+++)
You do not regenerate when monsters are visible.
You are immune to unholy pain and torment.


Message History

The bullfrog skeleton hits you but does no damage.
You hit the gnoll.
The gnoll is moderately wounded.
The gnoll hits you but does no damage. The bullfrog skeleton hits you.
The gnoll hits you but does no damage.
You puncture the gnoll!
You kill the gnoll!
The bullfrog skeleton hits you but does no damage.
The gnoll shaman hits you with a +0 whip!
The bullfrog skeleton closely misses you.
The gnoll shaman hits you with a +0 whip!
* * * LOW HITPOINT WARNING * * *
You closely miss the ice beast.
The ice beast hits you but does no damage.
The gnoll shaman hits you with a +0 whip.
* * * LOW HITPOINT WARNING * * *
You feel better.
The centaur hits you but does no damage.
The centaur kicks you but does no damage.
The ice beast hits you.
* * * LOW HITPOINT WARNING * * *
The ice beast freezes you. You resist.
* * * LOW HITPOINT WARNING * * *
The centaur hits you but does no damage.
The centaur kicks you but does no damage.
The gnoll shaman hits you with a +0 whip.
* * * LOW HITPOINT WARNING * * *
You barely miss the ice beast. The ice beast hits you.
* * * LOW HITPOINT WARNING * * *
The ice beast freezes you. You resist.
* * * LOW HITPOINT WARNING * * *
The centaur hits you but does no damage.
The centaur kicks you but does no damage.
The gnoll shaman barely misses you.
You puncture the ice beast!
The ice beast is moderately wounded.
The centaur hits you but does no damage.
The centaur kicks you but does no damage.
The ice beast hits you.
You die...

#.#..##.# :.
#####....##.# #..
.....÷....#.# #...
............###....
........##..#.....
.##............#
....#.....#...#
.......#.....#####
#.....###..#...g@#
....#.####.####cY#
...........# ≈≈.Z≈
...##......#≈....(.
##....####.#≈.8##8§§
≈#.##..# ###≈.# #§≈#
≈'.##...# #≈. §§#
≈#÷##.#.# #≈. .§#
##.##.#...


You could see an ice beast, a centaur, a gnoll shaman and a bullfrog skeleton.

Vanquished Creatures
  2 kobold brigands (Sewer)
  An iguana (D:6)
  A gnoll (D:6)
  4 adders
  6 ball pythons
  5 endoplasms
  4 giant cockroaches
  8 goblins
  7 hobgoblins
  12 jackals
  3 quokkas
  8 bats
  7 frilled lizards
  17 kobolds
  12 rats
97 creatures vanquished.

Vanquished Creatures (others)
  36 plants
36 creatures vanquished.

Grand Total: 133 creatures vanquished

Notes
Turn   | Place    | Note
-------+----------+-------------------------------------------
     0 | D:1      | freelancePsychic the Ghoul Hunter began the quest for the
                  | Orb.
     0 | D:1      | Reached XP level 1. HP: 17/17 MP: 0/0
   325 | D:1      | Reached XP level 2. HP: 25/25 MP: 1/1
   389 | D:1      | Reached skill level 4 in Bows
  1106 | D:1      | Reached XP level 3. HP: 30/30 MP: 2/2
  2140 | D:2      | Found a faded altar of an unknown god.
  2191 | D:2      | Reached XP level 4. HP: 27/38 MP: 3/3
  3143 | D:3      | You fall into a shaft and drop 3 floors!
  3153 | D:6      | Reached skill level 5 in Bows
  3304 | D:6      | Found a glowing drain.
  3320 | D:6      | Reached XP level 5. HP: 39/45 MP: 4/4
  3355 | Sewer    | Entered a sewer
  3528 | Sewer    | Noticed a kobold brigand
  3572 | Sewer    | Killed a kobold brigand
  3943 | Sewer    | Noticed a kobold brigand
  3946 | Sewer    | Reached XP level 6. HP: 52/52 MP: 5/5
  4192 | D:5      | Entered Level 5 of the Dungeon
  4192 | D:5      | Noticed Edmund
  4192 | D:5      | Noticed a necrophage
  4220 | D:6      | Noticed an ice beast
  4226 | D:6      | HP: 2/53 [ice beast (4)]
  4227 | D:6      | Slain by an ice beast

Illustrated notes

Levels and vault maps discovered:
D:1:      dpeg_arrival_boxes_within_box, layout_basic,
          minmay_misc_feat_more_columns
D:2:      cheibrodos_old_hovel, layout_basic, chequers_ecumenical_altar_twisty,
          serial_bayou, serial_bayou_pond_e, serial_bayou_lagoon_a,
          serial_bayou_pond_d, serial_bayou_lagoon_b
D:3:      layout_basic
D:5:      layout_cave_pools, lightli_temple_of_fire, serial_shops, shop,
          uniq_edmund
D:6:      layout_rooms, temple_green, gup_sewer_entry_glass,
          kennysheep_generic_room_6

Skill      XL: |  1  2  3  4  5 |
---------------+----------------+-----
Bows           | 4 5 |  5.9
Fighting       | 3 4 |  4.4
Dodging        | |  1.7
Stealth        | |  1.1

Action                   |  1- 3 |  4- 6 || total
-------------------------+-------+-------++-------
Melee: Short sword       |    96 |       ||    96
       Spear             |    37 |    68 ||   105
 Fire: Shortbow          |    59 |   121 ||   180
  Use: Scroll            |       |     5 ||     5
       Potion            |       |     7 ||     7
 Stab: Sleeping          |     2 |       ||     2
Armor: Leather armour    |    20 |       ||    20
       Ring mail         |    35 |    74 ||   109
       Plate armour      |       |    22 ||    22
Dodge: Dodged            |   115 |   103 ||   218

Table legend: (Time is in decaauts)
 A = Elapsed time spent in this place.
 B = Non-inter-level travel time spent in this place.
 C = Inter-level travel time spent in this place.
 D = Time resting spent in this place.
 E = Time spent auto-exploring this place.
 F = Levels seen in this place.
 G = Mean time per level.
                   A        B        C        D        E       F      G
               +--------+--------+--------+--------+--------+-----+--------+
         Total |   4315 |   4249 |     66 |    132 |   3290 |   6 |  719.2 |
       Dungeon |   3465 |   3399 |     66 |    132 |   2611 |   5 |  693.0 |
         Sewer |    849 |    849 |      0 |      0 |    678 |   1 |  849.0 |
               +--------+--------+--------+--------+--------+-----+--------+

Top non-repeatable levels by time:
     D:1: 1737 daAuts
     D:2: 1089 daAuts
   Sewer: 849 daAuts
     D:3: 373 daAuts
     D:6: 264 daAuts
     D:5: 1 daAuts
